ANAHEIM Ducks vs VANCOUVER Canucks

Created - 9 avril 2024 at 17:30

Goals
1 2 3 T
ANAHEIM Ducks 0 1 0 1
VANCOUVER Canucks 1 2 0 3
Shots
1 2 3 T
ANAHEIM Ducks 11 12 11 34
VANCOUVER Canucks 7 5 8 20

1st period

1. VANCOUVER Canucks , Mikhail Sergachev 18 (Shane Pinto 19, Jake McCabe 45) at 11:04

Penalties :
Nils Lundkvist (VAN) for High sticking (Minor) at 19:34

2nd period

2. VANCOUVER Canucks , Shane Pinto 15 (Christopher Tanev 48, Mason Appleton 21) at 4:30
3. VANCOUVER Canucks , Jakob Silfverberg 19 (Radim Simek 15, Christopher Tanev 49) at 11:35 (PP)
4. ANAHEIM Ducks , MacKenzie Weegar 17 (Chandler Stephenson 50, Mark Giordano 43) at 18:01 (PP)

Penalties :
Mark Giordano (ANA) for High sticking (Minor) at 11:09, Matt Boldy (VAN) for Slashing (Minor) at 16:41

3rd period

No Goal

Penalties :
Chandler Stephenson (ANA) for Boarding (Minor) at 1:29, Jake McCabe (VAN) for High sticking (Minor) at 4:13, Matt Boldy (VAN) for Interference (Minor) at 12:15, Teddy Blueger (VAN) for Tripping (Minor) at 18:01

Goalie Stats

Philipp Grubauer (ANA), 17 saves from 20 shots - (0,850), L, 40-27-1, 60:00 minutes
Jake Oettinger (VAN), 33 saves from 34 shots - (0,971), W, 36-33-5, 60:00 minutes

Players Stats for ANAHEIM Ducks

Player Name              G  A  P  +/- PIM S  H  SB GA TA FO     MP     PP MP  PK MP  
------------------------------------------------------------------------------------
Artturi Lehkonen         0  0  0   0  0   5  2  0  0  0  0/1    22:01   5:02   1:22 
Brayden Point            0  0  0  -2  0   3  1  0  0  0  11/29  20:22   4:13   0:29 
Brett Pesce              0  0  0   0  0   1  3  2  0  0  0/0    21:51   4:43   0:49 
Chandler Stephenson      0  1  1   0  2   3  3  0  0  0  0/1    20:38   5:02   0:00 
David Kampf              0  0  0   0  0   0  1  0  0  0  9/10    6:12   0:00   0:08 
Derick Brassard          0  0  0   0  0   1  0  0  0  0  0/1     6:26   0:00   0:22 
Elias Lindholm           0  0  0   0  0   3  3  0  0  0  15/25  21:59   5:02   1:20 
Jeff Carter              0  0  0   0  0   3  0  0  0  0  11/12  10:59   0:00   0:00 
Joel Farabee             0  0  0   0  0   2  2  0  0  0  0/1    10:59   0:00   0:00 
Justin Holl              0  0  0  -1  0   1  2  0  0  0  0/0    13:30   0:00   1:36 
MacKenzie Weegar         1  0  1  -1  0   4  1  1  0  0  0/0    26:05   4:32   1:26 
Mark Giordano            0  1  1  -1  2   1  1  0  0  0  0/0    24:38   4:32   0:00 
Nathan MacKinnon         0  0  0  -2  0   2  2  0  0  0  0/0    19:53   4:13   0:00 
Nick Paul                0  0  0   0  0   2  1  0  0  0  1/1    11:07   0:00   0:08 
Ryan Lindgren            0  0  0  -1  0   0  2  2  0  0  0/0    12:53   0:00   0:59 
Ryan Pulock              0  0  0   0  0   0  3  0  0  0  0/0    21:02   4:43   0:00 
Viktor Arvidsson         0  0  0  -2  0   2  1  0  0  0  0/2    20:54   4:13   1:01 
Warren Foegele           0  0  0   0  0   1  0  0  0  0  0/0     6:04   0:00   0:00 

Players Stats for VANCOUVER Canucks

Player Name              G  A  P  +/- PIM S  H  SB GA TA FO     MP     PP MP  PK MP  
------------------------------------------------------------------------------------
Bryan Little             0  0  0   0  0   1  0  0  0  0  0/0     9:09   0:00   3:50 
Christopher Tanev        0  2  2   1  0   0  1  2  0  0  0/0    21:34   1:13   4:24 
Jake McCabe              0  1  1   1  2   1  1  2  0  0  0/0    23:08   1:12   4:08 
Jakob Silfverberg        1  0  1   0  0   1  3  0  0  0  0/0    23:28   1:38   6:24 
Josh Norris              0  0  0   0  0   4  0  0  0  0  7/25   17:07   1:38   0:03 
Juuso Parssinen          0  0  0   0  0   0  0  0  0  0  5/11   11:11   0:00   0:00 
Mark Kastelic            0  0  0   0  0   1  1  0  0  0  3/7     5:19   0:00   0:00 
Mason Appleton           0  1  1   2  0   1  1  0  0  0  0/0    17:11   0:47   0:00 
Matt Boldy               0  0  0   0  4   2  3  0  0  0  0/1    18:52   1:38   1:50 
Mikhail Sergachev        1  0  1   1  0   1  1  2  0  0  0/0    26:17   1:12   5:13 
Nils Lundkvist           0  0  0   0  2   0  0  0  0  0  0/0    14:33   0:00   0:00 
Philip Tomasino          0  0  0   2  0   1  0  0  0  0  0/0    17:11   0:47   0:00 
Radim Simek              0  1  1   1  0   0  2  2  0  0  0/0    19:10   1:13   4:03 
Shane Pinto              1  1  2   2  0   2  0  0  0  0  14/20  17:11   0:47   0:00 
Stefan Noesen            0  0  0   0  0   1  2  0  0  0  0/0     5:47   0:00   0:28 
Teddy Blueger            0  0  0   0  2   2  1  0  0  0  1/2    11:10   0:00   0:00 
Tyler Pitlick            0  0  0   0  0   1  2  0  0  0  6/17   17:06   0:00   5:55 
Victor Mete              0  0  0   0  0   1  2  0  0  0  0/0    15:16   0:00   0:42 

3 Stars

1 - Jake Oettinger (VAN)
2 - Shane Pinto (VAN)
3 - Christopher Tanev (VAN)

Power Play

ANAHEIM Ducks - 1 on 5 Attempt(s) - 20,00%
VANCOUVER Canucks - 1 on 2 Attempt(s) - 50,00%

Penalty Kill

ANAHEIM Ducks - 1 on 2 Attempt(s) - 50,00% - Score 0 goal in Penalty Kill
VANCOUVER Canucks - 4 on 5 Attempt(s) - 80,00% - Score 0 goal in Penalty Kill

Team Stat

ANAHEIM Ducks - Hits : 28 - Faceoff Wins : 47 - Blocked Shots : 5 - Penalty Minutes : 4
VANCOUVER Canucks - Hits : 20 - Faceoff Wins : 36 - Blocked Shots : 8 - Penalty Minutes : 10

Official

Referees : Lacey Senuk and Anniina Nurmi
Linesman : Bryan Pancich and Shandor Alphonso

Game Notes

No Game Note

Finance

Level 1 -- Attendance: 4464 (63,77%) -- Ticket Income $446,400
Level 2 -- Attendance: 3867 (64,45%) -- Ticket Income $232,020
Level 3 -- Attendance: 1867 (46,68%) -- Ticket Income $65,345
Level 4 -- Attendance: 4469 (89,38%) -- Ticket Income $89,380
Luxury Box -- Attendance: 721 (71,32%) -- Ticket Income $144,200
Game was played at the Rogers Arena.
Total Attendance: 15388 (66,87%)
Total Ticket Income: $977,345
Other Income: $244,336
Total Income: $1,221,681

ANAHEIM Ducks

5 vs 5 Forward 
   Center                   Left Wing                Right Wing               Time % Phy DF OF 
 1 Brayden Point            Viktor Arvidsson         Nathan MacKinnon         35     0   2  3  
 2 Elias Lindholm           Chandler Stephenson      Artturi Lehkonen         35     0   2  3  
 3 Jeff Carter              Nick Paul                Joel Farabee             20     1   2  2  
 4 David Kampf              Derick Brassard          Warren Foegele           10     1   3  1  

5 vs 5 Defense 
   Defense                  Defense                                           Time % Phy DF OF 
 1 Mark Giordano            MacKenzie Weegar                                  40     1   2  2  
 2 Ryan Pulock              Brett Pesce                                       35     1   2  2  
 3 Justin Holl              Ryan Lindgren                                     20     2   2  1  
 4 Mark Giordano            MacKenzie Weegar                                  5      2   2  1  

PowerPlay Forward 
   Center                   Left Wing                Right Wing               Time % Phy DF OF 
 1 Brayden Point            Viktor Arvidsson         Nathan MacKinnon         60     0   1  4  
 2 Elias Lindholm           Chandler Stephenson      Artturi Lehkonen         40     0   1  4  

PowerPlay Defense
   Defense                  Defense                                           Time % Phy DF OF 
 1 Mark Giordano            MacKenzie Weegar                                  60     0   1  4  
 2 Ryan Pulock              Brett Pesce                                       40     0   1  4  

Penalty Kill 4 Players Forward 
   Center                   Wing                     Time % Phy DF OF 
 1 Elias Lindholm           Chandler Stephenson      60     1   3  1  
 2 David Kampf              Nick Paul                40     1   3  1  

Penalty Kill 4 Players Defense
   Defense                  Defense                  Time % Phy DF OF 
 1 Brett Pesce              Ryan Lindgren            60     1   3  1  
 2 Justin Holl              MacKenzie Weegar         40     1   3  1  

Penalty Kill - 3 Players Forward 
   Forward                                           Time % Phy DF OF 
 1 Chandler Stephenson                               60     1   4  0  
 2 David Kampf                                       40     1   4  0  

Penalty Kill - 3 Players Defense
   Defense                  Defense                  Time % Phy DF OF 
 1 Brett Pesce              Ryan Lindgren            60     1   4  0  
 2 Justin Holl              MacKenzie Weegar         40     1   4  0  

4 vs 4 Forward 
   Center                   Wing                     Time % Phy DF OF 
 1 Elias Lindholm           Nathan MacKinnon         60     1   2  2  
 2 Chandler Stephenson      Brayden Point            40     1   2  2  

4 vs 4 Defense
   Defense                  Defense                  Time % Phy DF OF 
 1 Mark Giordano            MacKenzie Weegar         60     1   2  2  
 2 Ryan Pulock              Brett Pesce              40     1   2  2  

Last Minutes Offensive
   Center                   Left Wing                Right Wing               Defense                  Defense                  
   Elias Lindholm           Nathan MacKinnon         Brayden Point            Mark Giordano            MacKenzie Weegar         

Last Minutes Defensive
   Center                   Left Wing                Right Wing               Defense                  Defense                  
   Elias Lindholm           Chandler Stephenson      Artturi Lehkonen         Brett Pesce              Ryan Lindgren            

Goaltenders
Starting : Philipp Grubauer         
Backup : Brian Elliott            

Extra Forwards
Normal : Viktor Arvidsson, Artturi Lehkonen, Jeff Carter - PP : Viktor Arvidsson, Artturi Lehkonen - PK : Viktor Arvidsson
Extra Defensemen
Normal : Brett Pesce, Justin Holl, Ryan Lindgren - PP : Brett Pesce - PK : Brett Pesce, Justin Holl
Penalty Shots
Nathan MacKinnon, Elias Lindholm, Brayden Point, Chandler Stephenson, Viktor Arvidsson

Scratches
Nic Dowd (Healthy), Patrick Maroon (Healthy)

VANCOUVER Canucks

5 vs 5 Forward 
   Center                   Left Wing                Right Wing               Time % Phy DF OF 
 1 Josh Norris              Matt Boldy               Jakob Silfverberg        40     1   2  2  
 2 Shane Pinto              Philip Tomasino          Mason Appleton           30     1   2  2  
 3 Juuso Parssinen          Teddy Blueger            Tyler Pitlick            20     1   2  2  
 4 Mark Kastelic            Stefan Noesen            Bryan Little             10     1   2  2  

5 vs 5 Defense 
   Defense                  Defense                                           Time % Phy DF OF 
 1 Mikhail Sergachev        Jake McCabe                                       40     1   2  2  
 2 Christopher Tanev        Radim Simek                                       30     1   2  2  
 3 Nils Lundkvist           Victor Mete                                       20     1   2  2  
 4 Mikhail Sergachev        Christopher Tanev                                 10     1   2  2  

PowerPlay Forward 
   Center                   Left Wing                Right Wing               Time % Phy DF OF 
 1 Josh Norris              Matt Boldy               Jakob Silfverberg        60     1   2  2  
 2 Shane Pinto              Philip Tomasino          Mason Appleton           40     1   2  2  

PowerPlay Defense
   Defense                  Defense                                           Time % Phy DF OF 
 1 Mikhail Sergachev        Jake McCabe                                       60     1   2  2  
 2 Christopher Tanev        Radim Simek                                       40     1   2  2  

Penalty Kill 4 Players Forward 
   Center                   Wing                     Time % Phy DF OF 
 1 Tyler Pitlick            Jakob Silfverberg        60     1   2  2  
 2 Bryan Little             Matt Boldy               40     1   2  2  

Penalty Kill 4 Players Defense
   Defense                  Defense                  Time % Phy DF OF 
 1 Mikhail Sergachev        Jake McCabe              60     1   2  2  
 2 Christopher Tanev        Radim Simek              40     1   2  2  

Penalty Kill - 3 Players Forward 
   Forward                                           Time % Phy DF OF 
 1 Jakob Silfverberg                                 60     1   2  2  
 2 Bryan Little                                      40     1   2  2  

Penalty Kill - 3 Players Defense
   Defense                  Defense                  Time % Phy DF OF 
 1 Mikhail Sergachev        Nils Lundkvist           60     1   2  2  
 2 Christopher Tanev        Radim Simek              40     1   2  2  

4 vs 4 Forward 
   Center                   Wing                     Time % Phy DF OF 
 1 Tyler Pitlick            Jakob Silfverberg        60     1   2  2  
 2 Bryan Little             Matt Boldy               40     1   2  2  

4 vs 4 Defense
   Defense                  Defense                  Time % Phy DF OF 
 1 Jake McCabe              Mikhail Sergachev        60     1   2  2  
 2 Christopher Tanev        Radim Simek              40     1   2  2  

Last Minutes Offensive
   Center                   Left Wing                Right Wing               Defense                  Defense                  
   Matt Boldy               Jakob Silfverberg        Bryan Little             Mikhail Sergachev        Jake McCabe              

Last Minutes Defensive
   Center                   Left Wing                Right Wing               Defense                  Defense                  
   Matt Boldy               Jakob Silfverberg        Bryan Little             Mikhail Sergachev        Jake McCabe              

Goaltenders
Starting : Jake Oettinger           
Backup : Martin Jones             

Extra Forwards
Normal : Bryan Little, Tyler Pitlick, Jakob Silfverberg - PP : Bryan Little, Tyler Pitlick - PK : Bryan Little
Extra Defensemen
Normal : Christopher Tanev, Radim Simek, Victor Mete - PP : Christopher Tanev - PK : Christopher Tanev, Radim Simek
Penalty Shots
Tyler Pitlick, Jakob Silfverberg, Bryan Little, Teddy Blueger, Shane Pinto

Scratches
None


% Time on Ice - ANAHEIM Ducks

Lines # - Real PCT - Wanted PCT - Time Play
Normal Forward
1 - 32% - 35% - 15:40
2 - 32% - 35% - 15:37
3 - 23% - 20% - 10:59
4 - 13% - 10% - 6:04
Normal Defense
1 - 36% - 40% - 17:38
2 - 34% - 35% - 16:19
3 - 25% - 20% - 11:54
4 - 5% - 5% - 2:29
PP Forward
1 - 46% - 60% - 4:13
2 - 54% - 40% - 5:02
PP Defense
1 - 49% - 60% - 4:32
2 - 51% - 40% - 4:43
PK Forward
1 - 94% - 60% - 2:17
2 - 6% - 40% - 0:08
PK Defense
1 - 41% - 60% - 0:59
2 - 59% - 40% - 1:26
PK3 Forward
1 - 0% - 60%
2 - 0% - 40%
PK3 Defense
1 - 0% - 60%
2 - 0% - 40%
44 Forward
1 - 0% - 60%
2 - 0% - 40%
44 Defense
1 - 0% - 60%
2 - 0% - 40%
Last Minute Offensive  - 0:00
Last Minute Defensive  - 0:00
Total
Forward - 60:00
Defense - 60:00

% Time on Ice - VANCOUVER Canucks

Lines # - Real PCT - Wanted PCT - Time Play
Normal Forward
1 - 32% - 40% - 15:26
2 - 34% - 30% - 16:24
3 - 23% - 20% - 11:11
4 - 11% - 10% - 5:19
Normal Defense
1 - 37% - 40% - 17:49
2 - 29% - 30% - 13:54
3 - 30% - 20% - 14:34
4 - 4% - 10% - 2:03
PP Forward
1 - 68% - 60% - 1:38
2 - 32% - 40% - 0:47
PP Defense
1 - 50% - 60% - 1:12
2 - 50% - 40% - 1:13
PK Forward
1 - 72% - 60% - 6:41
2 - 28% - 40% - 2:34
PK Defense
1 - 65% - 60% - 6:03
2 - 35% - 40% - 3:12
PK3 Forward
1 - 0% - 60%
2 - 0% - 40%
PK3 Defense
1 - 0% - 60%
2 - 0% - 40%
44 Forward
1 - 0% - 60%
2 - 0% - 40%
44 Defense
1 - 0% - 60%
2 - 0% - 40%
Last Minute Offensive  - 0:00
Last Minute Defensive  - 0:00
Total
Forward - 60:00
Defense - 60:00

Play-by-Play

1st period


0:01 of 1st period - Brayden Point wins face-off versus Josh Norris in neutral zone.
0:01 of 1st period - Nathan MacKinnon is hit by Matt Boldy and loses puck.
1:23 of 1st period - Radim Simek is hit by Elias Lindholm and loses puck.
1:36 of 1st period - Shot by Artturi Lehkonen.
1:36 of 1st period - Shot Blocked by Radim Simek.
2:08 of 1st period - Off-side.
2:09 of 1st period - David Kampf wins face-off versus Juuso Parssinen in neutral zone.
2:26 of 1st period - Shot by Teddy Blueger.
2:26 of 1st period - Stopped by Philipp Grubauer without a rebound.
2:27 of 1st period - Jeff Carter wins face-off versus Mark Kastelic in ANAHEIM Ducks zone.
2:29 of 1st period - Icing by Mark Giordano.
2:30 of 1st period - Jeff Carter wins face-off versus Tyler Pitlick in ANAHEIM Ducks zone.
2:30 of 1st period - Jeff Carter is hit by Tyler Pitlick.
2:50 of 1st period - Shot by Nick Paul.
2:50 of 1st period - Stopped by Jake Oettinger without a rebound.
2:51 of 1st period - Mark Kastelic wins face-off versus Elias Lindholm in VANCOUVER Canucks zone.
2:51 of 1st period - Mark Kastelic is hit by Artturi Lehkonen.
3:19 of 1st period - Shot by Mark Kastelic.
3:19 of 1st period - Shot Misses the Net.
3:30 of 1st period - Stefan Noesen is hit by Ryan Pulock and loses puck.
3:46 of 1st period - Icing by Brett Pesce.
3:47 of 1st period - Elias Lindholm wins face-off versus Josh Norris in ANAHEIM Ducks zone.
4:02 of 1st period - Nils Lundkvist is hit by Nathan MacKinnon and loses puck.
4:38 of 1st period - Icing by Brayden Point.
4:39 of 1st period - Shane Pinto wins face-off versus Brayden Point in ANAHEIM Ducks zone.
5:18 of 1st period - Brayden Point is hit by Radim Simek and loses puck.
5:47 of 1st period - Shot by Tyler Pitlick.
5:47 of 1st period - Shot Blocked by MacKenzie Weegar.
6:27 of 1st period - Shot by Nick Paul.
6:27 of 1st period - Deflect By Jeff Carter.
6:27 of 1st period - Stopped by Jake Oettinger without a rebound.
6:28 of 1st period - David Kampf wins face-off versus Mark Kastelic in VANCOUVER Canucks zone.
6:37 of 1st period - Shot by Brett Pesce.
6:37 of 1st period - Shot Misses the Net.
6:54 of 1st period - Victor Mete is hit by David Kampf and loses puck.
7:58 of 1st period - Christopher Tanev is hit by Chandler Stephenson and loses puck.
8:03 of 1st period - Shot by Elias Lindholm.
8:03 of 1st period - Shot Blocked by Christopher Tanev.
8:05 of 1st period - Shot by Artturi Lehkonen.
8:05 of 1st period - Shot Hit the Post.
8:44 of 1st period - Shot by Joel Farabee.
8:44 of 1st period - Stopped by Jake Oettinger without a rebound.
8:45 of 1st period - David Kampf wins face-off versus Shane Pinto in VANCOUVER Canucks zone.
9:10 of 1st period - Shot by Derick Brassard.
9:10 of 1st period - Stopped by Jake Oettinger without a rebound.
9:11 of 1st period - Jeff Carter wins face-off versus Juuso Parssinen in VANCOUVER Canucks zone.
9:25 of 1st period - Icing by Tyler Pitlick.
9:26 of 1st period - Juuso Parssinen wins face-off versus Elias Lindholm in VANCOUVER Canucks zone.
9:40 of 1st period - Teddy Blueger is hit by Justin Holl and loses puck.
9:47 of 1st period - Shot by Teddy Blueger.
9:47 of 1st period - Stopped by Philipp Grubauer without a rebound.
9:48 of 1st period - Shane Pinto wins face-off versus Brayden Point in ANAHEIM Ducks zone.
9:48 of 1st period - Mikhail Sergachev is hit by Brett Pesce and loses puck.
10:03 of 1st period - Shot by Shane Pinto.
10:03 of 1st period - Deflect By Mason Appleton.
10:03 of 1st period - Stopped by Philipp Grubauer without a rebound.
10:04 of 1st period - Mark Kastelic wins face-off versus Elias Lindholm in ANAHEIM Ducks zone.
10:10 of 1st period - Icing by Chandler Stephenson.
10:11 of 1st period - Elias Lindholm wins face-off versus Shane Pinto in ANAHEIM Ducks zone.
10:20 of 1st period - Shot by Chandler Stephenson.
10:20 of 1st period - Stopped by Jake Oettinger without a rebound.
10:21 of 1st period - Jeff Carter wins face-off versus Josh Norris in VANCOUVER Canucks zone.
10:24 of 1st period - Shot by Joel Farabee.
10:24 of 1st period - Deflect By Jeff Carter.
10:24 of 1st period - Shot Misses the Net.
10:26 of 1st period - Shot by Joel Farabee.
10:26 of 1st period - Shot Misses the Net.
10:28 of 1st period - Shot by Joel Farabee.
10:28 of 1st period - Stopped by Jake Oettinger without a rebound.
10:29 of 1st period - Shane Pinto wins face-off versus Brayden Point in VANCOUVER Canucks zone.
11:00 of 1st period - Shot by Shane Pinto.
11:00 of 1st period - Shot Hit the Post.
11:02 of 1st period - Shot by Mikhail Sergachev.
11:02 of 1st period - Shot Misses the Net.
11:04 of 1st period - Shot by Mikhail Sergachev.
11:04 of 1st period - Goal by Mikhail Sergachev - ANAHEIM Ducks : 0 - VANCOUVER Canucks : 1.
11:05 of 1st period - Josh Norris wins face-off versus Elias Lindholm in neutral zone.
11:10 of 1st period - Shot by Matt Boldy.
11:10 of 1st period - Stopped by Philipp Grubauer without a rebound.
11:11 of 1st period - Josh Norris wins face-off versus Elias Lindholm in ANAHEIM Ducks zone.
11:22 of 1st period - Shot by Matt Boldy.
11:22 of 1st period - Deflect By Josh Norris.
11:22 of 1st period - Stopped by Philipp Grubauer without a rebound.
11:23 of 1st period - Jeff Carter wins face-off versus Tyler Pitlick in ANAHEIM Ducks zone.
12:12 of 1st period - Icing by MacKenzie Weegar.
12:13 of 1st period - Jeff Carter wins face-off versus Josh Norris in ANAHEIM Ducks zone.
12:48 of 1st period - Shot by Jakob Silfverberg.
12:48 of 1st period - Shot Misses the Net.
12:54 of 1st period - Shot by Jakob Silfverberg.
12:54 of 1st period - Shot Misses the Net.
12:56 of 1st period - Shot by Jakob Silfverberg.
12:56 of 1st period - Shot Misses the Net.
13:05 of 1st period - Icing by Jeff Carter.
13:06 of 1st period - Shane Pinto wins face-off versus Joel Farabee in ANAHEIM Ducks zone.
13:51 of 1st period - Mikhail Sergachev is hit by Brett Pesce and loses puck.
15:10 of 1st period - Icing by Christopher Tanev.
15:11 of 1st period - Josh Norris wins face-off versus David Kampf in VANCOUVER Canucks zone.
15:18 of 1st period - Shot by Matt Boldy.
15:18 of 1st period - Shot Misses the Net.
15:20 of 1st period - Shot by Radim Simek.
15:20 of 1st period - Shot Misses the Net.
15:34 of 1st period - Shot by Matt Boldy.
15:34 of 1st period - Shot Misses the Net.
16:49 of 1st period - Icing by Viktor Arvidsson.
16:50 of 1st period - Brayden Point wins face-off versus Mark Kastelic in ANAHEIM Ducks zone.
16:56 of 1st period - MacKenzie Weegar is hit by Mark Kastelic and loses puck.
17:03 of 1st period - Shot by Stefan Noesen.
17:03 of 1st period - Stopped by Philipp Grubauer without a rebound.
17:04 of 1st period - Jeff Carter wins face-off versus Josh Norris in ANAHEIM Ducks zone.
17:06 of 1st period - Brett Pesce is hit by Matt Boldy and loses puck.
17:14 of 1st period - Jakob Silfverberg is hit by Joel Farabee and loses puck.
17:22 of 1st period - Joel Farabee is hit by Radim Simek and loses puck.
17:35 of 1st period - Shot by Nick Paul.
17:35 of 1st period - Shot Blocked by Christopher Tanev.
17:37 of 1st period - Shot by Jeff Carter.
17:37 of 1st period - Stopped by Jake Oettinger without a rebound.
17:38 of 1st period - Juuso Parssinen wins face-off versus Brayden Point in VANCOUVER Canucks zone.
17:48 of 1st period - Shot by Viktor Arvidsson.
17:48 of 1st period - Stopped by Jake Oettinger without a rebound.
17:49 of 1st period - Shane Pinto wins face-off versus Chandler Stephenson in VANCOUVER Canucks zone.
18:08 of 1st period - Jake McCabe is hit by Elias Lindholm and loses puck.
18:30 of 1st period - Icing by Jake McCabe.
18:31 of 1st period - Shane Pinto wins face-off versus Brayden Point in VANCOUVER Canucks zone.
18:33 of 1st period - Icing by Philip Tomasino.
18:34 of 1st period - Shane Pinto wins face-off versus Brayden Point in VANCOUVER Canucks zone.
18:51 of 1st period - Jake McCabe is hit by Nathan MacKinnon and loses puck.
19:13 of 1st period - Shot by Brayden Point.
19:13 of 1st period - Stopped by Jake Oettinger without a rebound.
19:14 of 1st period - Elias Lindholm wins face-off versus Teddy Blueger in VANCOUVER Canucks zone.
19:18 of 1st period - Chandler Stephenson is hit by Victor Mete and loses puck.
19:34 of 1st period - Minor Penalty to Nils Lundkvist for High sticking.
19:35 of 1st period - Brayden Point wins face-off versus Tyler Pitlick in VANCOUVER Canucks zone.
19:38 of 1st period - Shot by Viktor Arvidsson.
19:38 of 1st period - Stopped by Jake Oettinger without a rebound.
19:39 of 1st period - Elias Lindholm wins face-off versus Tyler Pitlick in VANCOUVER Canucks zone.
19:50 of 1st period - Shot by Chandler Stephenson.
19:50 of 1st period - Stopped by Jake Oettinger without a rebound.
19:51 of 1st period - Brayden Point wins face-off versus Tyler Pitlick in VANCOUVER Canucks zone.
Goals for this period are 0 for ANAHEIM Ducks vs 1 for VANCOUVER Canucks.
Shots for this period are 11 for ANAHEIM Ducks vs 7 for VANCOUVER Canucks.

2nd period


0:01 of 2nd period - Brayden Point wins face-off versus Tyler Pitlick in neutral zone.
0:11 of 2nd period - Shot by Viktor Arvidsson.
0:11 of 2nd period - Shot Blocked by Jake McCabe.
0:13 of 2nd period - Shot by MacKenzie Weegar.
0:13 of 2nd period - Stopped by Jake Oettinger without a rebound.
0:14 of 2nd period - Tyler Pitlick wins face-off versus Elias Lindholm in VANCOUVER Canucks zone.
1:02 of 2nd period - Icing by Chandler Stephenson.
1:03 of 2nd period - Elias Lindholm wins face-off versus Tyler Pitlick in ANAHEIM Ducks zone.
1:09 of 2nd period - Artturi Lehkonen is hit by Mikhail Sergachev and loses puck.
1:45 of 2nd period - Shot by Philip Tomasino.
1:45 of 2nd period - Stopped by Philipp Grubauer without a rebound.
1:46 of 2nd period - Jeff Carter wins face-off versus Mark Kastelic in ANAHEIM Ducks zone.
2:09 of 2nd period - Shot by Joel Farabee.
2:09 of 2nd period - Shot Misses the Net.
2:58 of 2nd period - Shot by Viktor Arvidsson.
2:58 of 2nd period - Shot Misses the Net.
3:12 of 2nd period - Shot by Brayden Point.
3:12 of 2nd period - Stopped by Jake Oettinger without a rebound.
3:13 of 2nd period - Juuso Parssinen wins face-off versus Derick Brassard in VANCOUVER Canucks zone.
3:42 of 2nd period - Shot by Victor Mete.
3:42 of 2nd period - Stopped by Philipp Grubauer with a rebound.
4:08 of 2nd period - Icing by Chandler Stephenson.
4:09 of 2nd period - Josh Norris wins face-off versus Elias Lindholm in ANAHEIM Ducks zone.
4:20 of 2nd period - Shot by Matt Boldy.
4:20 of 2nd period - Shot Blocked by Brett Pesce.
4:24 of 2nd period - Shot by Josh Norris.
4:24 of 2nd period - Stopped by Philipp Grubauer without a rebound.
4:25 of 2nd period - Shane Pinto wins face-off versus Brayden Point in ANAHEIM Ducks zone.
4:30 of 2nd period - Shot by Shane Pinto.
4:30 of 2nd period - Goal by Shane Pinto - ANAHEIM Ducks : 0 - VANCOUVER Canucks : 2.
4:31 of 2nd period - Elias Lindholm wins face-off versus Josh Norris in neutral zone.
4:45 of 2nd period - Chandler Stephenson is hit by Jake McCabe and loses puck.
5:08 of 2nd period - Matt Boldy is hit by Chandler Stephenson and loses puck.
5:15 of 2nd period - Shot by Artturi Lehkonen.
5:15 of 2nd period - Shot Misses the Net.
5:47 of 2nd period - Icing by Mark Giordano.
5:48 of 2nd period - Brayden Point wins face-off versus Shane Pinto in ANAHEIM Ducks zone.
6:04 of 2nd period - Icing by MacKenzie Weegar.
6:05 of 2nd period - Brayden Point wins face-off versus Juuso Parssinen in ANAHEIM Ducks zone.
6:20 of 2nd period - Shot by Brayden Point.
6:20 of 2nd period - Shot Misses the Net.
6:22 of 2nd period - Shot by MacKenzie Weegar.
6:22 of 2nd period - Stopped by Jake Oettinger without a rebound.
6:23 of 2nd period - Shane Pinto wins face-off versus Elias Lindholm in VANCOUVER Canucks zone.
7:08 of 2nd period - Off-side.
7:09 of 2nd period - Jeff Carter wins face-off versus Josh Norris in neutral zone.
7:22 of 2nd period - Mark Giordano is hit by Matt Boldy and loses puck.
8:19 of 2nd period - Shot by Nathan MacKinnon.
8:19 of 2nd period - Shot Misses the Net.
8:42 of 2nd period - Brayden Point is hit by Victor Mete and loses puck.
9:02 of 2nd period - Icing by Ryan Lindgren.
9:03 of 2nd period - Shane Pinto wins face-off versus Brayden Point in ANAHEIM Ducks zone.
10:20 of 2nd period - Brett Pesce is hit by Stefan Noesen and loses puck.
10:25 of 2nd period - Artturi Lehkonen is hit by Stefan Noesen and loses puck.
11:09 of 2nd period - Minor Penalty to Mark Giordano for High sticking.
11:10 of 2nd period - David Kampf wins face-off versus Josh Norris in ANAHEIM Ducks zone.
11:10 of 2nd period - Justin Holl is hit by Jakob Silfverberg and loses puck.
11:33 of 2nd period - Shot by Radim Simek.
11:33 of 2nd period - Shot Misses the Net.
11:35 of 2nd period - Shot by Jakob Silfverberg.
11:35 of 2nd period - Goal by Jakob Silfverberg - ANAHEIM Ducks : 0 - VANCOUVER Canucks : 3.
11:36 of 2nd period - Jeff Carter wins face-off versus Shane Pinto in neutral zone.
11:59 of 2nd period - Shot by Jeff Carter.
11:59 of 2nd period - Shot Misses the Net.
12:01 of 2nd period - Shot by Nick Paul.
12:01 of 2nd period - Shot Misses the Net.
12:48 of 2nd period - Shot by Viktor Arvidsson.
12:48 of 2nd period - Shot Hit the Post.
12:50 of 2nd period - Shot by Brayden Point.
12:50 of 2nd period - Stopped by Jake Oettinger without a rebound.
12:51 of 2nd period - Elias Lindholm wins face-off versus Josh Norris in VANCOUVER Canucks zone.
13:00 of 2nd period - Shot by Elias Lindholm.
13:00 of 2nd period - Deflect By Artturi Lehkonen.
13:00 of 2nd period - Stopped by Jake Oettinger without a rebound.
13:01 of 2nd period - Elias Lindholm wins face-off versus Josh Norris in VANCOUVER Canucks zone.
13:32 of 2nd period - Shot by Artturi Lehkonen.
13:32 of 2nd period - Stopped by Jake Oettinger with a rebound.
14:25 of 2nd period - Shot by Viktor Arvidsson.
14:25 of 2nd period - Shot Blocked by Jake McCabe.
16:09 of 2nd period - Stefan Noesen is hit by Joel Farabee and loses puck.
16:22 of 2nd period - Shot by Artturi Lehkonen.
16:22 of 2nd period - Stopped by Jake Oettinger without a rebound.
16:23 of 2nd period - Brayden Point wins face-off versus Josh Norris in VANCOUVER Canucks zone.
16:24 of 2nd period - Shot by Viktor Arvidsson.
16:24 of 2nd period - Shot Misses the Net.
16:41 of 2nd period - Minor Penalty to Matt Boldy for Slashing.
16:42 of 2nd period - Elias Lindholm wins face-off versus Tyler Pitlick in VANCOUVER Canucks zone.
17:05 of 2nd period - Shot by MacKenzie Weegar.
17:05 of 2nd period - Stopped by Jake Oettinger without a rebound.
17:06 of 2nd period - Brayden Point wins face-off versus Tyler Pitlick in VANCOUVER Canucks zone.
17:49 of 2nd period - Off-side.
17:50 of 2nd period - Elias Lindholm wins face-off versus Tyler Pitlick in neutral zone.
17:55 of 2nd period - Shot by Mark Giordano.
17:55 of 2nd period - Shot Misses the Net.
17:57 of 2nd period - Shot by Mark Giordano.
17:57 of 2nd period - Shot Hit the Post.
17:59 of 2nd period - Shot by Chandler Stephenson.
17:59 of 2nd period - Shot Misses the Net.
18:01 of 2nd period - Shot by MacKenzie Weegar.
18:01 of 2nd period - Goal by MacKenzie Weegar - ANAHEIM Ducks : 1 - VANCOUVER Canucks : 3.
18:02 of 2nd period - Jeff Carter wins face-off versus Shane Pinto in neutral zone.
18:05 of 2nd period - Philip Tomasino is hit by Nick Paul and loses puck.
18:22 of 2nd period - Shot by Jeff Carter.
18:22 of 2nd period - Shot Misses the Net.
18:24 of 2nd period - Shot by Jeff Carter.
18:24 of 2nd period - Stopped by Jake Oettinger with a rebound.
18:26 of 2nd period - Shot by Nick Paul.
18:26 of 2nd period - Deflect By Joel Farabee.
18:26 of 2nd period - Shot Misses the Net.
19:12 of 2nd period - Shot by Elias Lindholm.
19:12 of 2nd period - Stopped by Jake Oettinger with a rebound.
19:18 of 2nd period - Shot by Artturi Lehkonen.
19:18 of 2nd period - Deflect By Elias Lindholm.
19:18 of 2nd period - Shot Hit the Post.
19:22 of 2nd period - Shot by Elias Lindholm.
19:22 of 2nd period - Stopped by Jake Oettinger without a rebound.
19:23 of 2nd period - Brayden Point wins face-off versus Josh Norris in VANCOUVER Canucks zone.
19:43 of 2nd period - Mikhail Sergachev is hit by Ryan Pulock and loses puck.
19:52 of 2nd period - Shot by Jakob Silfverberg.
19:52 of 2nd period - Shot Misses the Net.
Goals for this period are 1 for ANAHEIM Ducks vs 2 for VANCOUVER Canucks.
Shots for this period are 12 for ANAHEIM Ducks vs 5 for VANCOUVER Canucks.

3rd period


0:01 of 3rd period - Elias Lindholm wins face-off versus Josh Norris in neutral zone.
0:16 of 3rd period - Shot by Elias Lindholm.
0:16 of 3rd period - Shot Blocked by Mikhail Sergachev.
0:31 of 3rd period - Shot by Chandler Stephenson.
0:31 of 3rd period - Stopped by Jake Oettinger without a rebound.
0:32 of 3rd period - Teddy Blueger wins face-off versus Brayden Point in VANCOUVER Canucks zone.
1:29 of 3rd period - Minor Penalty to Chandler Stephenson for Boarding.
1:30 of 3rd period - Elias Lindholm wins face-off versus Josh Norris in ANAHEIM Ducks zone.
1:40 of 3rd period - Matt Boldy is hit by Justin Holl and loses puck.
2:14 of 3rd period - Shot by Jake McCabe.
2:14 of 3rd period - Stopped by Philipp Grubauer without a rebound.
2:15 of 3rd period - Shane Pinto wins face-off versus Viktor Arvidsson in ANAHEIM Ducks zone.
2:54 of 3rd period - Justin Holl is hit by Mason Appleton and loses puck.
3:37 of 3rd period - Icing by Nils Lundkvist.
3:38 of 3rd period - David Kampf wins face-off versus Juuso Parssinen in VANCOUVER Canucks zone.
3:41 of 3rd period - Shot by Warren Foegele.
3:41 of 3rd period - Stopped by Jake Oettinger without a rebound.
3:42 of 3rd period - David Kampf wins face-off versus Juuso Parssinen in VANCOUVER Canucks zone.
3:54 of 3rd period - Icing by Ryan Lindgren.
3:55 of 3rd period - David Kampf wins face-off versus Josh Norris in ANAHEIM Ducks zone.
3:55 of 3rd period - Ryan Lindgren is hit by Jakob Silfverberg and loses puck.
4:13 of 3rd period - Minor Penalty to Jake McCabe for High sticking.
4:14 of 3rd period - Tyler Pitlick wins face-off versus Brayden Point in VANCOUVER Canucks zone.
6:35 of 3rd period - Shot by Nick Paul.
6:35 of 3rd period - Stopped by Jake Oettinger without a rebound.
6:36 of 3rd period - David Kampf wins face-off versus Josh Norris in VANCOUVER Canucks zone.
6:39 of 3rd period - Shot by Mark Giordano.
6:39 of 3rd period - Stopped by Jake Oettinger without a rebound.
6:40 of 3rd period - Shane Pinto wins face-off versus Viktor Arvidsson in VANCOUVER Canucks zone.
6:40 of 3rd period - Shane Pinto is hit by Brayden Point.
6:45 of 3rd period - Philip Tomasino is hit by Mark Giordano and loses puck.
8:00 of 3rd period - Josh Norris is hit by Brett Pesce and loses puck.
8:11 of 3rd period - Shot by Matt Boldy.
8:11 of 3rd period - Deflect By Josh Norris.
8:11 of 3rd period - Stopped by Philipp Grubauer without a rebound.
8:12 of 3rd period - Nick Paul wins face-off versus Juuso Parssinen in ANAHEIM Ducks zone.
8:12 of 3rd period - Nick Paul is hit by Teddy Blueger.
8:32 of 3rd period - Shot by Teddy Blueger.
8:32 of 3rd period - Shot Misses the Net.
8:34 of 3rd period - Shot by Tyler Pitlick.
8:34 of 3rd period - Shot Blocked by Ryan Lindgren.
8:55 of 3rd period - Juuso Parssinen is hit by Ryan Lindgren and loses puck.
9:18 of 3rd period - Shot by Bryan Little.
9:18 of 3rd period - Stopped by Philipp Grubauer without a rebound.
9:19 of 3rd period - Elias Lindholm wins face-off versus Josh Norris in ANAHEIM Ducks zone.
9:26 of 3rd period - Shot by Artturi Lehkonen.
9:26 of 3rd period - Stopped by Jake Oettinger without a rebound.
9:27 of 3rd period - Elias Lindholm wins face-off versus Josh Norris in VANCOUVER Canucks zone.
9:42 of 3rd period - Shot by Josh Norris.
9:42 of 3rd period - Stopped by Philipp Grubauer without a rebound.
9:43 of 3rd period - Shane Pinto wins face-off versus Brayden Point in ANAHEIM Ducks zone.
9:50 of 3rd period - Shot by Shane Pinto.
9:50 of 3rd period - Shot Misses the Net.
9:58 of 3rd period - Shot by Nathan MacKinnon.
9:58 of 3rd period - Stopped by Jake Oettinger without a rebound.
9:59 of 3rd period - Josh Norris wins face-off versus Elias Lindholm in VANCOUVER Canucks zone.
9:59 of 3rd period - Josh Norris is hit by Elias Lindholm.
10:08 of 3rd period - Christopher Tanev is hit by MacKenzie Weegar.
10:10 of 3rd period - Shot by Matt Boldy.
10:10 of 3rd period - Shot Misses the Net.
10:12 of 3rd period - Shot by Josh Norris.
10:12 of 3rd period - Shot Misses the Net.
10:30 of 3rd period - Shot by Artturi Lehkonen.
10:30 of 3rd period - Shot Blocked by Radim Simek.
12:03 of 3rd period - Shot by Tyler Pitlick.
12:03 of 3rd period - Stopped by Philipp Grubauer without a rebound.
12:04 of 3rd period - Mark Kastelic wins face-off versus Brayden Point in ANAHEIM Ducks zone.
12:13 of 3rd period - Shot by Mark Kastelic.
12:13 of 3rd period - Stopped by Philipp Grubauer without a rebound.
12:14 of 3rd period - Brayden Point wins face-off versus Matt Boldy in ANAHEIM Ducks zone.
12:14 of 3rd period - Brayden Point is hit by Jakob Silfverberg.
12:15 of 3rd period - Minor Penalty to Matt Boldy for Interference.
12:16 of 3rd period - Tyler Pitlick wins face-off versus Brayden Point in VANCOUVER Canucks zone.
12:40 of 3rd period - Shot by Brayden Point.
12:40 of 3rd period - Shot Misses the Net.
12:42 of 3rd period - Shot by Viktor Arvidsson.
12:42 of 3rd period - Shot Misses the Net.
12:50 of 3rd period - Shot by Nathan MacKinnon.
12:50 of 3rd period - Stopped by Jake Oettinger without a rebound.
12:51 of 3rd period - Tyler Pitlick wins face-off versus Brayden Point in VANCOUVER Canucks zone.
12:59 of 3rd period - Off-side.
13:00 of 3rd period - Tyler Pitlick wins face-off versus Brayden Point in neutral zone.
13:06 of 3rd period - Icing by Brett Pesce.
13:07 of 3rd period - Tyler Pitlick wins face-off versus Brayden Point in ANAHEIM Ducks zone.
13:46 of 3rd period - Mikhail Sergachev is hit by Artturi Lehkonen and loses puck.
14:14 of 3rd period - Icing by Ryan Pulock.
14:15 of 3rd period - Shane Pinto wins face-off versus Jeff Carter in ANAHEIM Ducks zone.
14:20 of 3rd period - Shot by Shane Pinto.
14:20 of 3rd period - Stopped by Philipp Grubauer with a rebound.
14:57 of 3rd period - Shot by Joel Farabee.
14:57 of 3rd period - Shot Misses the Net.
14:59 of 3rd period - Shot by Justin Holl.
14:59 of 3rd period - Stopped by Jake Oettinger without a rebound.
15:00 of 3rd period - Juuso Parssinen wins face-off versus Brayden Point in VANCOUVER Canucks zone.
15:00 of 3rd period - Jake McCabe is hit by Viktor Arvidsson and loses puck.
15:12 of 3rd period - Teddy Blueger is hit by Ryan Pulock.
15:16 of 3rd period - Shot by Jake McCabe.
15:16 of 3rd period - Shot Blocked by Brett Pesce.
15:18 of 3rd period - Shot by Tyler Pitlick.
15:18 of 3rd period - Shot Misses the Net.
15:20 of 3rd period - Shot by Juuso Parssinen.
15:20 of 3rd period - Shot Misses the Net.
15:34 of 3rd period - Shot by Viktor Arvidsson.
15:34 of 3rd period - Shot Misses the Net.
15:43 of 3rd period - Off-side.
15:44 of 3rd period - Josh Norris wins face-off versus Artturi Lehkonen in neutral zone.
15:44 of 3rd period - Josh Norris is hit by Chandler Stephenson.
16:02 of 3rd period - Shot by Artturi Lehkonen.
16:02 of 3rd period - Stopped by Jake Oettinger without a rebound.
16:03 of 3rd period - David Kampf wins face-off versus Shane Pinto in VANCOUVER Canucks zone.
16:20 of 3rd period - Shot by Mason Appleton.
16:20 of 3rd period - Shot Misses the Net.
16:22 of 3rd period - Shot by Nils Lundkvist.
16:22 of 3rd period - Shot Blocked by Ryan Lindgren.
16:47 of 3rd period - Shane Pinto is hit by Ryan Lindgren and loses puck.
17:03 of 3rd period - Icing by Jakob Silfverberg.
17:04 of 3rd period - Josh Norris wins face-off versus Elias Lindholm in VANCOUVER Canucks zone.
17:13 of 3rd period - Shot by Jake McCabe.
17:13 of 3rd period - Deflect By Matt Boldy.
17:13 of 3rd period - Stopped by Philipp Grubauer without a rebound.
17:14 of 3rd period - Juuso Parssinen wins face-off versus Brayden Point in ANAHEIM Ducks zone.
17:37 of 3rd period - Mark Giordano is hit by Tyler Pitlick and loses puck.
18:01 of 3rd period - Minor Penalty to Teddy Blueger for Tripping.
18:02 of 3rd period - Elias Lindholm wins face-off versus Tyler Pitlick in VANCOUVER Canucks zone.
18:33 of 3rd period - Shot by Brett Pesce.
18:33 of 3rd period - Shot Blocked by Mikhail Sergachev.
18:35 of 3rd period - Shot by Artturi Lehkonen.
18:35 of 3rd period - Deflect By Elias Lindholm.
18:35 of 3rd period - Shot Misses the Net.
18:37 of 3rd period - Shot by Elias Lindholm.
18:37 of 3rd period - Stopped by Jake Oettinger with a rebound.
18:41 of 3rd period - Shot by Brett Pesce.
18:41 of 3rd period - Stopped by Jake Oettinger with a rebound.
19:18 of 3rd period - Nathan MacKinnon is hit by Christopher Tanev and loses puck.
Goals for this period are 0 for ANAHEIM Ducks vs 0 for VANCOUVER Canucks.
Shots for this period are 11 for ANAHEIM Ducks vs 8 for VANCOUVER Canucks. Output by the SimonT Hockey Simulator (STHS) for Martin Benoit - Original Page W3C HTML5 Valid
Hockey Simulator - Hockey Simulation - Hockey Manager